 Dungeon Crawl Stone Soup version 0.26.1-11-gd32895ea62 (webtiles) character file.

Game seed: 5207087777860877820

25337 manyhoops the Grappler (level 12, 0/110 HPs)
             Began as a Palentonga Transmuter on Apr 16, 2021.
             Was a Believer of Uskayaw.
             Slain by an orc warrior
             ... wielding a +0 halberd
              (24 damage)
             ... in a bailey on Apr 17, 2021.
             The game lasted 00:46:24 (16689 turns).

manyhoops the Grappler (Palentonga Transmuter)     Turns: 16689, Time: 00:46:24

Health: 0/110      AC: 20    Str: 23    XL:     12   Next: 88%
Magic:  10/15      EV:  9    Int: 29    God:    Uskayaw [**....]
Gold:   876        SH:  0    Dex: 12    Spells: 4/15 levels left

rFire    . . .     SeeInvis +     - Unarmed
rCold    + . .     Faith    +   (shield currently unavailable)
rNeg     + . .     Spirit   .   j - +2 leather armour {rC+}
rPois    +         Reflect  .   u - +3 helmet "Kureasag" {Int+10}
rElec    .         Harm     .   y - +2 cloak {rPois}
rCorr    .         Rampage  .   (gloves currently unavailable)
Will     .....                  (no barding)
Stlth    +.........             w - amulet of faith
HPRegen  0.28/turn              h - ring of Ynyoxtunou {rN+ Int+5 Stlth-}
MPRegen  0.14/turn              o - +6 ring of strength

@: blade hands, curled up
A: large, talons 1, rugged brown scales 3, camouflage 1, see invisible, deformed
body, roll 1, armoured tail, reflexive curl
a: Rolling Charge, End Transformation, Renounce Religion, Stomp, Line Pass


You were in a bailey.
You worshipped Uskayaw.
Uskayaw was noncommittal.
You had blades for hands.
You visited 2 branches of the dungeon, and saw 14 of its levels.
You also visited: Bailey.

You collected 1189 gold pieces.
You spent 313 gold pieces at shops.

Inventory:

Armour
 j - a +2 leather armour of cold resistance (worn)
 u - the +3 helmet "Kureasag" (worn) {Int+10}
   (You bought it in a shop on level 5 of the Dungeon)

   It affects your intelligence (+10).
 y - a +2 cloak of poison resistance (worn)
 A - the +1 ring mail "Noymo" {Will- MP+9 Int+6 Dex+4}
   (You found it on level 7 of the Dungeon)

   It affects your intelligence (+6).
   It affects your dexterity (+4).
   It affects your willpower, your defense against some magical effects.
   It affects your magic capacity (+9).
 C - a +0 pair of gloves (melded)
 F - the +6 kite shield of the Land of Plenty (melded) {Regen+ Str+4}
   (You found it on level 7 of the Dungeon)

   It affects your strength (+4).
   It increases your rate of regeneration.
Jewellery
 h - the ring of Ynyoxtunou (left scythe-like blade) {rN+ Int+5 Stlth-}
   (You took it off an orc on level 12 of the Dungeon)

   [ring of attention]

   It affects your intelligence (+5).
   It protects you from negative energy.
   It makes you less stealthy.
 i - an uncursed ring of positive energy
 o - a +6 ring of strength (right scythe-like blade)
 v - an uncursed ring of wizardry
 w - an amulet of faith (around neck)
 G - an uncursed ring of willpower
Wands
 c - a wand of random effects (15)
 g - a wand of flame (32)
 k - a wand of iceblast (8)
 B - a wand of paralysis (10)
Scrolls
 a - 3 scrolls of fog
 d - 3 scrolls of remove curse
 e - 3 scrolls of enchant armour
 f - 2 scrolls of identify
 m - 3 scrolls of random uselessness
 n - 2 scrolls of immolation
 t - 2 scrolls of magic mapping
 x - 2 scrolls of amnesia
 D - a scroll of vulnerability
 H - a scroll of blinking
 I - a scroll of noise {unknown}
 J - 3 scrolls of brand weapon
 K - a scroll of summoning {unknown}
Potions
 b - 12 potions of curing
 l - a potion of magic
 p - a potion of lignification
 q - a potion of brilliance
 r - 2 potions of heal wounds
 s - a potion of ambrosia
 z - 2 potions of might
 E - a potion of flight
 L - a potion of haste {unknown}
 M - a potion of invisibility
 N - a potion of experience {unknown}


   Skills:
 - Level 8.4 Fighting
 - Level 1.5 Dodging
 - Level 10.3 Shields
 - Level 14.0 Unarmed Combat
 - Level 2.0 Spellcasting
 - Level 7.6 Transmutations
 + Level 2.9 Invocations


You had 4 spell levels left.
You knew the following spells:

 Your Spells              Type           Power        Failure   Level
a - Beastly Appendage     Tmut           94%          11%         1
b - Wereblood             Tmut           47%          13%         2
c - Spider Form           Tmut/Pois      12%          36%         3
d - Blade Hands           Tmut           23%          50%         5

Your spell library contained the following spells:

 Spells                   Type           Power        Failure   Level
 Magic Dart               Conj           8%           45%         1
 Summon Small Mammal      Summ           8%           45%         1
 Ignite Poison            Fire/Tmut/Pois 17%          47%         3
 Call Imp                 Summ           2%           54%         2
 Searing Ray              Conj           4%           54%         2
 Ice Form                 Ice/Tmut       25%          63%         4
 Call Canine Familiar     Summ           2%           71%         3
 Dazzling Flash           Conj/Hex       4%           71%         3
 Inner Flame              Hex/Fire       2%           71%         3
 Summon Guardian Golem    Hex/Summ       2%           71%         3
 Animate Dead             Necr           1%           95%         4
 Fulminant Prism          Conj/Hex       1%           95%         4
 Iskenderun's Mystic Bla  Conj/Tloc      2%           95%         4
 Passage of Golubria      Tloc           N/A          95%         4
 Summon Ice Beast         Ice/Summ       2%           95%         4
 Summon Lightning Spire   Summ/Air       2%           95%         4
 Borgnjor's Vile Clutch   Necr/Erth      1%           99%         5
 Death Channel            Necr           1%           100%        6
 Simulacrum               Ice/Necr       1%           100%        6
 Disjunction              Tloc           1%           100%        8


Dungeon Overview and Level Annotations

Branches:
Dungeon (13/15)            Temple (1/1) D:5            Lair (0/6) D:8
    Orc (0/2) D:9          Bailey (1/1)
 Vaults: D:13-14

Altars:
Ashenzari
Cheibriados
Dithmenos
Elyvilon
Fedhas
Gozag
Hepliaklqana
Kikubaaqudgha
Makhleb
Nemelex Xobeh
Okawaru
Qazlal
Ru
Sif Muna
Trog
Uskayaw
Vehumet
Wu Jian
Xom
Yredelemnul
Zin
The Shining One

Shops:
D:5 [[?[*   D:8 [}

Portals:
Abyss: D:5
Trove: D:10 (give 2 scrolls of acquirement)

Annotations:
D:5 2 transporters, Darold's ghost, novice DrTm
D:8 3 runed translucent doors, Darold's ghost, novice DsFi


Innate Abilities, Weirdness & Mutations

You are completely covered in rugged brown scales. (AC +3, +7% HP)
You have supernaturally acute eyesight. (SInv)
Armour fits poorly on your strangely shaped body.
You can roll at nearby foes to attack.
You have a long armoured tail.
You curl defensively after being hit.
You have sharp toenails.
Your skin changes colour to match your surroundings (Stealth+).


Message History

* * * LOW HITPOINT WARNING * * *
The orc warrior closely misses you. x2
You can now pass through a line of other dancers.
Unknown command.
You feel much better.
The orc warrior hits you with a +0 halberd.
* * * LOW HITPOINT WARNING * * *
The orc warrior closely misses you.
You feel much better.
The orc knight hits you with a +0 trident!
The orc warrior barely misses you.
You slice the orc knight!!
You kill the orc knight!
The orc warrior hits you with a +0 halberd!!
* * * LOW HITPOINT WARNING * * *
Unknown command.
You barely miss the orc warrior. Your kick misses the orc warrior.
The orc warrior barely misses you.
The orc warrior hits you with a +0 halberd!!
You die...

##### ####### ###### ....##
##.....#########.....##
.....######.......#.....#.......'
.....#....#)......'.....'.......'
.....'....)))....o'.....'.......'
.....#...)#))...@.o...).'.......'
.....######.)...).#.)...#.......'
....## ##.....#########...o.##
##### ####### ######


You could see 2 orc warriors.

Vanquished Creatures
  Harold (D:8)
  A hydra (D:12)
  A boulder beetle (D:11)
  A centaur warrior (D:12)
  A two-headed ogre (D:12)
  Sonja (D:10)
  The ghost of SergentPoivreBleu the Covert, a novice OpTm of Dithmenos (D:6)
  3 unseen horrors
  2 orc knights (Bailey)
  Pikel (D:8)
  An ugly thing (D:12)
  2 manticores
  A cyclops (D:12)
  Maurice (D:8)
  Psyche (D:9)
  2 centaur skeletons (D:9)
  A komodo dragon (D:8)
  4 meliai
  Grinder (D:5)
  7 trolls
  Prince Ribbit (D:8)
  A slime creature (D:12)
  5 yaks
  A wyvern (D:8)
  3 wraiths (D:12)
  3 vampire mosquitoes (D:12)
  A warg (D:9)
  Grum (D:8)
  4 water moccasins
  23 orc warriors
  A sky beast (D:8)
  10 ogres
  2 phantoms
  4 black bears
  4 wolves (D:8)
  13 centaurs
  A lemure (D:8)
  A big kobold (D:12)
  14 bullfrogs
  A gnoll sergeant (D:10)
  A water moccasin skeleton (D:9)
  5 scorpions
  3 jellies
  18 killer bees
  3 howler monkeys
  23 wights
  2 quasits
  2 bullfrog zombies
  7 hounds
  Crazy Yiuf (D:5)
  5 orc priests
  2 bullfrog skeletons
  2 iguanas
  12 orc wizards
  11 worker ants
  2 worker ant zombies
  4 gnolls (D:10)
  10 adders
  2 shadow imps
  3 white imps
  2 ufetubi (D:5)
  An ooze (D:1)
  2 adder skeletons
  5 worms
  5 leopard geckos
  69 orcs
  6 bats
  6 giant cockroaches
  8 goblins
  10 hobgoblins
  2 jackals (D:1)
  7 quokkas
  A ball python (D:1)
  5 frilled lizards
  A jackal skeleton (D:9)
  5 kobolds
  A leopard gecko zombie (D:7)
  A quokka skeleton (D:5)
  3 rats
386 creatures vanquished.

Vanquished Creatures (others)
  47 fungi (D:8)
  45 plants (D:8)
92 creatures vanquished.

Grand Total: 478 creatures vanquished

Notes
Turn   | Place    | Note
-------+----------+-------------------------------------------
     0 | D:1      | manyhoops the Palentonga Transmuter began the quest for the
                  | Orb.
     0 | D:1      | Reached XP level 1. HP: 17/17 MP: 3/3
   559 | D:1      | Reached XP level 2. HP: 24/24 MP: 3/5
  1559 | D:2      | Reached XP level 3. HP: 27/31 MP: 6/6
  1741 | D:2      | Reached skill level 4 in Unarmed Combat
  2656 | D:3      | Reached XP level 4. HP: 32/38 MP: 5/7
  2805 | D:3      | Learned a level 2 spell: Wereblood
  3156 | D:4      | Reached skill level 5 in Unarmed Combat
  3250 | D:4      | Found a glowing silver altar of Zin.
  3251 | D:4      | Found a burning altar of Makhleb.
  3251 | D:4      | Found a sparkling altar of Nemelex Xobeh.
  3252 | D:4      | Found a stormy altar of Qazlal.
  3330 | D:4      | Reached XP level 5. HP: 27/44 MP: 5/8
  3844 | D:5      | Entered Level 5 of the Dungeon
  3844 | D:5      | Found a transporter.
  3844 | D:5      | Found a transporter.
  3844 | D:5      | Noticed a small abomination
  3854 | D:5      | Identified the +7 short sword "Arbiter" {distort, +Rage}
  4085 | D:5      | Found a one-way gate to the infinite horrors of the Abyss.
  4085 | D:5      | Noticed Darold's ghost (novice DrTm)
  4208 | D:5      | Found Jetir's Magic Scroll Shoppe.
  4295 | D:5      | Found Siusch's Antique Armour Shoppe.
  4340 | D:5      | Found a staircase to the Ecumenical Temple.
  4409 | D:5      | Found a runed translucent door.
  4410 | D:5      | Noticed Crazy Yiuf
  4446 | D:5      | Found Buxzill's Antique Armour Emporium.
  4464 | D:5      | Bought a scorched helmet for 247 gold pieces
  4469 | D:5      | Identified the +3 helmet "Kureasag" {Int+10} (You bought it
                  | in a shop on level 5 of the Dungeon)
  4480 | D:5      | Learned a level 3 spell: Spider Form
  4536 | D:5      | Found Vemiraxuc's Antique Armour Shoppe.
  4557 | D:5      | Found a shadowy altar of Dithmenos.
  4575 | D:5      | Reached XP level 6. HP: 48/53 MP: 9/9
  4602 | D:5      | Found Cair's Commerce Corner.
  4610 | D:5      | Bought 2 potions of curing for 66 gold pieces
  4808 | D:5      | Noticed a water moccasin
  5310 | D:5      | Killed Crazy Yiuf
  5631 | Temple   | Entered the Ecumenical Temple
  5744 | Temple   | Became a worshipper of Uskayaw the Reveller
  5844 | D:6      | Reached * piety under Uskayaw
  5845 | D:6      | Reached ** piety under Uskayaw
  5857 | D:6      | Reached *** piety under Uskayaw
  5864 | D:6      | Reached **** piety under Uskayaw
  5868 | D:6      | Reached ***** piety under Uskayaw
  5873 | D:6      | Reached skill level 5 in Transmutations
  5873 | D:6      | Gained mutation: You curl defensively after being hit.
                  | [Palentonga growth]
  5873 | D:6      | Reached XP level 7. HP: 36/59 MP: 10/10
  6211 | D:6      | Noticed Grinder
  6221 | D:5      | Paralysed by Grinder for 6 turns
  6240 | D:5      | Killed Grinder
  6588 | D:6      | Reached XP level 8. HP: 24/66 MP: 8/11
  6832 | D:6      | Reached skill level 6 in Unarmed Combat
  6941 | D:6      | Found a basalt altar of Yredelemnul.
  7270 | D:7      | Reached skill level 7 in Unarmed Combat
  7276 | D:7      | Reached ****** piety under Uskayaw
  7948 | D:7      | Reached skill level 8 in Unarmed Combat
  8306 | D:7      | Reached XP level 9. HP: 74/77 MP: 12/12
  8643 | D:7      | Found a transporter.
  8647 | D:7      | Noticed SergentPoivreBleu's ghost (novice OpTm)
  8648 | D:7      | Found a transporter.
  8783 | D:7      | Got a distressingly furry kite shield
  8807 | D:7      | Reached skill level 9 in Unarmed Combat
  8936 | D:6      | Killed SergentPoivreBleu's ghost
  8937 | D:6      | Reached skill level 5 in Fighting
  8937 | D:6      | Reached skill level 10 in Unarmed Combat
  8972 | D:6      | Identified the +6 kite shield of the Land of Plenty {Regen+
                  | Str+4} (You found it on level 7 of the Dungeon)
  9166 | D:8      | Noticed Grum
  9166 | D:8      | Noticed Pikel
  9175 | D:8      | Noticed a komodo dragon
  9194 | D:8      | Killed Pikel
  9214 | D:8      | Killed a komodo dragon
  9215 | D:8      | Reached XP level 10. HP: 25/86 MP: 13/13
  9219 | D:8      | Reached skill level 5 in Shields
  9367 | D:8      | Found Vaulum's Armour Shop.
  9409 | D:8      | Noticed Prince Ribbit
  9417 | D:8      | Killed Prince Ribbit
  9446 | D:8      | Noticed Maurice
  9457 | D:8      | Killed Maurice
  9460 | D:8      | Noticed Harold
  9488 | D:8      | Killed Harold
  9503 | D:8      | Found a staircase to the Lair.
  9546 | D:8      | Killed Grum
  9765 | D:8      | Learned a level 5 spell: Blade Hands
  9918 | D:8      | Got a shadowed robe
 10000 | D:7      | Got a pitted ring mail
 10011 | D:7      | Identified the cursed +0 robe of Lucidity {rCorr} (You
                  | found it on level 8 of the Dungeon)
 10023 | D:7      | Identified the +1 ring mail "Noymo" {Will- MP+9 Int+6
                  | Dex+4} (You found it on level 7 of the Dungeon)
 10126 | D:8      | Found a runed translucent gate.
 10127 | D:8      | Found a runed translucent gate.
 10127 | D:8      | Found a runed translucent gate.
 10129 | D:8      | Noticed Darold's ghost (novice DsFi)
 10140 | D:8      | Found Qonnurgh's Gadget Boutique.
 10697 | D:9      | Noticed Psyche
 10699 | D:9      | Killed Psyche
 10700 | D:9      | Reached XP level 11. HP: 94/94 MP: 8/14
 10704 | D:9      | Found an opulent altar of Gozag.
 10949 | D:9      | Found a staircase to the Orcish Mines.
 11404 | D:10     | Entered Level 10 of the Dungeon
 11506 | D:10     | Reached skill level 10 in Shields
 12574 | D:10     | Noticed Sonja
 12578 | D:10     | Killed Sonja
 12677 | D:10     | Found a portal to a secret trove of treasure.
 12923 | D:11     | Found an ornate altar of the Wu Jian Council.
 13104 | D:11     | Noticed an unseen horror
 13108 | D:11     | Killed an unseen horror
 13135 | D:11     | Reached skill level 11 in Unarmed Combat
 13625 | D:11     | Noticed a boulder beetle
 13630 | D:11     | Killed a boulder beetle
 13882 | D:11     | Gained mutation: You have sharp toenails. [potion of
                  | mutation]
 13882 | D:11     | Gained mutation: Your skin changes colour to match your
                  | surroundings (Stealth+). [potion of mutation]
 14209 | D:12     | Reached XP level 12. HP: 107/107 MP: 9/15
 14368 | D:12     | Noticed a centaur warrior
 14379 | D:12     | Noticed a two-headed ogre
 14383 | D:12     | Killed a centaur warrior
 14393 | D:12     | Reached skill level 12 in Unarmed Combat
 15324 | D:12     | Reached skill level 13 in Unarmed Combat
 15473 | D:12     | Noticed a two-headed ogre
 15476 | D:12     | Killed a two-headed ogre
 15540 | D:12     | Identified the +0 chain mail "Mowok" {Slay+3}
 15540 | D:12     | Identified the ring of Ynyoxtunou {rN+ Int+5 Stlth-}
 15574 | D:12     | Identified the Catalogue of the Warped Volcanoes
 15603 | D:12     | Noticed an eight-headed hydra
 15610 | D:12     | Killed an eight-headed hydra
 16155 | D:13     | Found a flagged portal.
 16206 | Bailey   | Entered a bailey
 16374 | Bailey   | Reached skill level 14 in Unarmed Combat
 16579 | Bailey   | Reached skill level 1 in Invocations
 16689 | Bailey   | Slain by an orc warrior

Illustrated notes

Levels and vault maps discovered:
D:1:      amcnicky_arrival_single_pillar, layout_loops_corners,
          hangedman_decor_push
D:2:      layout_loops_cross
D:3:      layout_rooms, amcnicky_mini_pool_small, minmay_misc_feat_plants
D:4:      layout_cave_pools, chequers_temple_overflow_statue_of_worship
D:5:      layout_loops_ring, nicolae_dithmenos_shadow_blocks,
          minmay_temple_entry_junction_2, gammafunk_ghost_abyssal_escape,
          gup_sewer_entry_spiral, serial_shops,
          nicolae_shop_temple_entry_statues_fountains, nicolae_shop_waterfront,
          shop, shop_coins, nicolae_alphabet_shops, lightli_corner_chamber,
          uniq_crazy_yiuf_cottage
D:6:      layout_rooms, kennysheep_mini, uniq_grinder
D:7:      layout_loops_corners, gammafunk_ghost_smash
D:8:      layout_loops_ring, due_lair_maze_entry_diamond, serial_shops, shop,
          shop, gammafunk_ghost_necromancy, minmay_large_rounded_square,
          uniq_grum, uniq_harold, uniq_maurice, uniq_prince_ribbit1, uniq_pikel
D:9:      minmay_recursive_quarters, layout_gridville, david_orc_3,
          nicolae_gozag_seed_capital, uniq_psyche
D:10:     layout_loops_corners, nicolae_trove_entry_diagonal, uniq_sonja
D:11:     layout_roguey, lemuel_altar_in_water
D:12:     minmay_the_grid_octo_tiled_octocenter_mashed
          [minmay_the_grid_octo_fat_diamond, minmay_the_grid_octo_toaster,
          minmay_the_grid_octo_checkerflower, minmay_the_grid_octo_fan_narrow,
          minmay_the_grid_octo_prize_ultimate_mussel_roller,
          minmay_the_grid_square_5x5_gyroscope, minmay_the_grid_square_5x5_two,
          minmay_the_grid_square_5x5_minibox, minmay_the_grid_square_5x5_tie],
          layout_basic, minmay_misc_feat_rows
D:13:     doesnt_quadruple_sword, layout_loops_cross, enter_bailey_5
Temple:   eino_temple_rhombus
Bailey:   bailey_polearm_5, bailey

Skill      XL: |  1  2  3  4  5  6  7  8  9 10 11 12 |
---------------+-------------------------------------+-----
Unarmed Combat | 4 5 8 10 11 14 | 14.0
Fighting       | 2 4 5 7 8 |  8.4
Transmutations | 3 5 7 |  7.6
Shields        | 4 9 10 | 10.3
Invocations    | 2 |  2.9
Dodging        | |  1.5
Spellcasting   | |  2.0

Action                   |  1- 3 |  4- 6 |  7- 9 | 10-12 || total
-------------------------+-------+-------+-------+-------++-------
Melee: Unarmed           |   106 |   193 |   187 |   532 ||  1018
       Kick              |    11 |    15 |     1 |    56 ||    83
       Headbutt          |     8 |     6 |       |     4 ||    18
       Tailslap          |    12 |    14 |     9 |    64 ||    99
       Punch             |     3 |     6 |       |    16 ||    25
 Cast: Beastly Appendage |    21 |    12 |     2 |     2 ||    37
       Wereblood         |       |     1 |     2 |     7 ||    10
       Spider Form       |       |       |    10 |     1 ||    11
       Blade Hands       |       |       |       |    48 ||    48
Invok: Line Pass         |       |       |       |     1 ||     1
 Abil: Rolling Charge    |       |     4 |     2 |    28 ||    34
  Use: Potion            |       |     5 |     1 |    12 ||    18
       Scroll            |       |     5 |     3 |    17 ||    25
 Stab: Sleeping          |       |     1 |       |       ||     1
       Paralysed         |       |       |    10 |    42 ||    52
Armor: Robe              |    35 |       |       |       ||    35
       Leather armour    |     1 |    94 |    38 |   229 ||   362
       Skin              |       |       |     1 |    30 ||    31
Dodge: Dodged            |    49 |    72 |   106 |   190 ||   417
Block: Kite shield       |       |       |    56 |   205 ||   261
